Map: Blackpink LE

Players

Namshar - Winner!

  • Race: Zerg Zerg
  • League: Grandmaster
  • Spawn Location: 1:00

NightEnD

  • Race: Protoss Protoss
  • League: Master
  • Spawn Location: 7:00

Event: HomeStory Cup XVI

VOD

Have the link to the VOD?

Description

Time

  • Played on: Nov. 10, 2017, 4:19 p.m.
  • Length: 6:23

All games in this series

Show
View Real Time Build Order
Export as new Build Order

Namshar Zerg - Winner!

Build Orders: Hatch First 

Get SALT Encoding   

  12  0:00  Drone  
  13  0:12  Overlord  
  13  0:17  Drone  
  14  0:30  Drone x2  
  14  0:34  Drone  
  17  0:51  Hatchery  
  17  0:54  Drone  
  17  0:57  Drone  
  18  1:09  Extractor  
  17  1:12  Spawning Pool  
  17  1:15  Drone  
  17  1:18  Drone  
  18  1:27  Drone  
  19  1:38  Overlord  
  19  1:49  Drone  
  20  1:59  Queen, Zergling x2  
  23  2:03  Queen  
  23  2:04  Zergling x2  
  26  2:09  Metabolic Boost  
  26  2:11  Drone  
  26  2:14  Drone  
  28  2:22  Drone  
  29  2:25  Drone  
  30  2:35  Hatchery  
  29  2:37  Drone  
  29  2:41  Drone  
  29  2:44  Overlord  
  31  2:47  Drone  
  32  2:56  Drone  
  32  2:57  Drone  
  34  3:07  Queen  
  34  3:09  Overlord  
  34  3:12  Drone x4  
  40  3:14  Drone  
  40  3:17  Drone  
  40  3:19  Drone  
  43  3:20  Drone  
  43  3:26  Extractor  
  43  3:27  Extractor  
  43  3:32  Drone x2  
  44  3:37  Roach Warren  
  43  3:42  Drone x3  
  43  3:45  Drone x3  
  49  3:48  Overlord  
  49  3:52  Overlord  
  49  3:56  Overlord  
  49  4:01  Overlord  
  49  4:06  Overlord  
  49  4:17  Roach  
  49  4:18  Roach x3  
  49  4:20  Roach x2  
  49  4:21  Roach x2  
  65  4:28  Roach x3  
  65  4:31  Roach  
  73  4:37  Roach x2  
  77  4:39  Overlord  
  77  4:46  Roach x2  
  81  5:02  Zergling x20  
  81  5:05  Zergling x2  
  92  5:08  Ravager x4  
  92  5:10  Overlord  
  96  5:16  Ravager  
  96  5:21  Zergling x12  
  97  5:26  Ravager  
  102  5:35  Drone x8  
  107  5:53  Drone  
  107  5:54  Evolution Chamber  
  102  5:57  Zergling x12  
  102  6:02  Zergling x2  
  102  6:03  Zergling x2  
Show
View Real Time Build Order
Export as new Build Order

NightEnD Protoss 

Build Orders: 1 Gate Expand 

Get SALT Encoding   

  12  0:02  Probe (Chrono Boost)  
  14  0:14  Probe (Chrono Boost)  
  14  0:20  Pylon  
  14  0:26  Probe (Chrono Boost)  
  15  0:35  Probe (Chrono Boost)  
  15  0:39  Gateway  
  15  0:42  Probe (Chrono Boost)  
  16  0:48  Assimilator  
  17  0:54  Probe (Chrono Boost)  
  18  1:07  Probe (Chrono Boost)  
  20  1:19  Probe (Chrono Boost)  
  20  1:27  Nexus  
  20  1:31  Probe (Chrono Boost)  
  21  1:39  Cybernetics Core  
  21  1:44  Probe (Chrono Boost)  
  22  1:51  Pylon  
  22  1:54  Assimilator  
  22  1:59  Probe (Chrono Boost)  
  23  2:06  Zealot  
  23  2:11  Probe (Chrono Boost)  
  24  2:17  Warp Gate  
  27  2:23  Stalker, Probe (Chrono Boost)  
  27  2:34  Probe (Chrono Boost)  
  27  2:35  Probe (Chrono Boost)  
  30  2:42  Probe (Chrono Boost)  
  31  2:47  Probe (Chrono Boost)  
  31  2:48  Gateway  
  33  2:51  Shield Battery  
  33  2:53  Sentry  
  33  2:57  Probe (Chrono Boost)  
  36  3:00  Probe (Chrono Boost)  
  37  3:06  Probe (Chrono Boost)  
  37  3:12  Probe x2 (Chrono Boost)  
  40  3:20  Gateway  
  40  3:22  Sentry, Pylon  
  40  3:24  Probe (Chrono Boost)  
  40  3:26  Probe (Chrono Boost)  
  44  3:32  Pylon  
  43  3:36  Probe (Chrono Boost)  
  43  3:37  Probe (Chrono Boost)  
  45  3:43  Probe (Chrono Boost)  
  47  3:48  Probe (Chrono Boost)  
  47  3:52  Probe (Chrono Boost), Pylon  
  48  3:58  Assimilator x2  
  48  4:00  Probe (Chrono Boost), Twilight Council  
  49  4:03  Forge  
  49  4:04  Probe (Chrono Boost)  
  50  4:11  Robotics Facility  
  50  4:13  Probe (Chrono Boost)  
  50  4:17  Probe (Chrono Boost)  
  53  4:24  Sentry  
  53  4:25  Probe (Chrono Boost), Sentry  
  53  4:29  Probe (Chrono Boost)  
  58  4:37  Probe (Chrono Boost)  
  59  4:41  Probe (Chrono Boost)  
  60  4:49  Probe (Chrono Boost)  
  60  4:51  Nexus, Observer  
  60  4:52  Pylon  
  62  4:53  Probe (Chrono Boost)  
  64  5:01  Probe (Chrono Boost)  
  64  5:04  Robotics Bay  
  64  5:05  Probe (Chrono Boost)  
  65  5:10  Immortal  
  66  5:20  Stalker x2  
  66  5:21  Stalker  
  75  5:33  Pylon x2  
  74  5:43  Pylon  
  74  5:50  Pylon  
  78  6:06  Gateway  
  78  6:09  Gateway  
  78  6:10  Gateway  
Tags
 
Add a new tag
Caveats
  • Supply blocks, unpowered buildings, or Contaminate may cause inaccurate times.
  • Supply counts are checked every 10 seconds.